 Dungeon Crawl Stone Soup version 0.28-a0-1190-g77e1c55843 (webtiles) character file.

Game seed: 11921016173512414098

538 ChaosChampion the Ruffian (level 7, -1/60 HPs)
             Began as a Green Draconian Transmuter on Dec 18, 2021.
             Slain by a hornet zombie (4 damage)
             ... on level 5 of the Dungeon.
             The game lasted 00:08:57 (5440 turns).

ChaosChampion the Ruffian (DrTm)                    Turns: 5440, Time: 00:08:57

Health: -1/60      AC:  2    Str: 12    XL:     7   Next: 5%
Magic:  0/10       EV: 19    Int: 16    God:
Gold:   168        SH:  0    Dex: 16    Spells: 4/10 levels left

rFire   . . .      SeeInvis .     - Unarmed
rCold   . . .      Faith    .   (shield currently unavailable)
rNeg    + . .      Spirit   +   (armour unavailable)
rPois   x          Reflect  .   (helmet currently unavailable)
rElec   .          Harm     .   (cloak currently unavailable)
rCorr   .          Rampage  .   (gloves currently unavailable)
Will    .....                   (boots currently unavailable)
Stlth   +.........              c - amulet of guardian spirit
HPRegen 0.20/turn               g - ring of positive energy
MPRegen 0.12/turn               (no ring)

@: spider-form (expiring)
A: venomous fangs, (breathe noxious fumes), AC +6, tiny, unfitting armour,
(poison resistance), (cold-blooded)
a: End Transformation


You were on level 5 of the Dungeon.
You were a venomous arachnid creature.
You visited 1 branch of the dungeon, and saw 5 of its levels.

You collected 168 gold pieces.

Inventory:

Missiles
 d - a throwing net
 e - 5 javelins
Armour
 m - a +1 cloak of poison resistance
Magical Staves
 o - a staff of death (melded)
Jewellery
 c - an amulet of guardian spirit (around neck)
 g - a ring of positive energy (left front leg)
Wands
 h - a wand of flame (24)
 p - a wand of digging (7)
Scrolls
 a - a scroll of magic mapping
 b - a scroll of identify {unknown}
 f - 2 scrolls of fog {unknown}
 i - 2 scrolls of fear {unknown}
 k - a scroll of torment {unknown}
 n - a scroll of enchant armour {unknown}
Potions
 j - a potion of haste {unknown}
 l - a potion of attraction {unknown}


   Skills:
 + Level 4.5 Fighting
 - Level 1.7 Dodging
 + Level 5.0 Unarmed Combat
 - Level 2.0 Spellcasting
 + Level 4.4 Transmutations
 * Level 2.5 Poison Magic


You had 4 spell levels left.
You knew the following spells:

 Your Spells              Type           Power      Damage    Failure   Level
a - Beastly Appendage     Tmut           30%        N/A       12%         1
b - Wereblood             Tmut           15%        N/A       16%         2
c - Spider Form           Tmut/Pois      12%        N/A       34%         3

Your spell library contained the following spells:

 Spells                   Type           Power      Damage    Failure   Level
 Passwall                 Tmut/Erth      6%         N/A       30%         2
 Slow                     Hex            4%         N/A       41%         1
 Confusing Touch          Hex            1%         N/A       73%         3
 Stone Arrow              Conj/Erth      2%         3d7       73%         3
 Swiftness                Air            1%         N/A       73%         3
 Vampiric Draining        Necr           1%         2d6       73%         3
 Ice Form                 Ice/Tmut       8%         N/A       82%         4
 Lehudib's Crystal Spear  Conj/Erth      0%         10d2      100%        8
 Animate Armour           Summ/Erth      Unusable   N/A       N/A         4

Dungeon Overview and Level Annotations

Branches:
Dungeon (5/15)
 Temple: D:4-7

Altars:
Xom


Innate Abilities, Weirdness & Mutations

You are a venomous arachnid creature.
You have poisonous fangs.
You are tiny and dextrous.
Your spellcasting is less reliable in this form.
Your armour is entirely melded.
You are incapable of wielding weapons or throwing items.
((You can breathe blasts of noxious fumes.))
((Your lurid green scales are hard. (AC +6)))
You cannot fit into any form of body armour.
((Your system is resistant to poisons. (rPois)))
((You are cold-blooded and may be slowed by cold attacks.))


Message History

A hornet zombie is nearby!
Casting: Beastly Appendage (safe; 3% risk of failure)
Confirm with . or Enter, or press ? or * to list all spells.
Your horns disappear.
Your talons disappear.
You turn into a venomous arachnid creature.
Your staff of death melds into your body.
The hornet zombie hits you. The hornet zombie misses you.
You barely miss the hornet zombie.
The hornet zombie is moderately damaged.
The hornet zombie hits you!
You are too injured to fight recklessly!
You are too injured to fight recklessly!
You are too injured to fight recklessly!
You are too injured to fight recklessly!
You hit the hornet zombie but do no damage.
The hornet zombie is moderately damaged.
The hornet zombie hits you.
You hit the hornet zombie.
The hornet zombie is moderately damaged.
The hornet zombie misses you.
You barely miss the hornet zombie.
The hornet zombie is moderately damaged.
The hornet zombie closely misses you.
You barely miss the hornet zombie.
The hornet zombie is moderately damaged.
The hornet zombie hits you!
* * * LOW HITPOINT WARNING * * *
The hornet zombie hits you!
* * * LOW HITPOINT WARNING * * *
Your transformation is almost over.
You hit the hornet zombie.
The hornet zombie is moderately damaged.
The hornet zombie hits you!
* * * LOW HITPOINT WARNING * * *
The hornet zombie barely misses you.
Okay, then.
Unknown command.
Okay, then.
The hornet zombie hits you.
You die...

#./........
#........#
##.......##
#.........#
##..####.... #.
##....# . ##..#
###.....#
#.....#....#...#
#...sZ####...#
####..# ##..#
#..# #... #..#
... ##.. .. #..#
##.. ..#


You could see a hornet zombie.

Vanquished Creatures
  An orc warrior (D:4)
  A scorpion (D:4)
  A hound (D:4)
  Crazy Yiuf (D:4)
  Jessica (D:2)
  Natasha (thrice) (D:3)
  2 orc wizards (D:4)
  4 gnolls
  3 adders
  3 dart slugs
  13 orcs
  4 endoplasms
  6 giant cockroaches
  6 goblins
  11 hobgoblins
  5 quokkas
  10 ball pythons
  8 bats
  5 frilled lizards
  4 kobolds
  6 rats
98 creatures vanquished.

Notes
Turn   | Place    | Note
-------+----------+-------------------------------------------
     0 | D:1      | ChaosChampion the Draconian Transmuter began the quest for
                  | the Orb.
     0 | D:1      | Reached XP level 1. HP: 16/16 MP: 3/3
    70 | D:1      | Found a faded altar of an unknown god.
   170 | D:1      | Reached XP level 2. HP: 20/23 MP: 3/5
   902 | D:1      | Reached XP level 3. HP: 29/29 MP: 4/6
  1362 | D:2      | Noticed Jessica
  1371 | D:2      | Killed Jessica
  1372 | D:2      | Reached XP level 4. HP: 35/37 MP: 7/7
  2239 | D:2      | Learned a level 2 spell: Wereblood
  2451 | D:2      | Learned a level 3 spell: Spider Form
  2719 | D:3      | Noticed Natasha
  2779 | D:3      | Reached skill level 4 in Unarmed Combat
  2919 | D:3      | Killed Natasha
  2920 | D:3      | Reached XP level 5. HP: 27/45 MP: 3/8
  3062 | D:3      | Noticed Natasha
  3078 | D:3      | Killed Natasha
  3079 | D:3      | Reached skill level 1 in Poison Magic
  3231 | D:3      | Noticed Natasha
  3239 | D:3      | Killed Natasha
  3787 | D:4      | Reached XP level 6. HP: 52/52 MP: 3/9
  3847 | D:4      | Found a shimmering altar of Xom.
  3848 | D:4      | Found a shimmering altar of Xom.
  3857 | D:4      | Found a shimmering altar of Xom.
  3857 | D:4      | Found a shimmering altar of Xom.
  3858 | D:4      | Found a shimmering altar of Xom.
  3859 | D:4      | Found a shimmering altar of Xom.
  3859 | D:4      | Found a shimmering altar of Xom.
  3860 | D:4      | Found a shimmering altar of Xom.
  3864 | D:4      | Noticed an orc warrior
  3892 | D:4      | Killed an orc warrior
  4094 | D:4      | Found a runed translucent door.
  4097 | D:4      | Noticed Crazy Yiuf
  4191 | D:4      | Reached skill level 5 in Unarmed Combat
  4344 | D:4      | Killed Crazy Yiuf
  4345 | D:4      | Your scales start taking on a lurid green colour.
  4345 | D:4      | Reached XP level 7. HP: 32/60 MP: 1/10
  4345 | D:4      | Gained mutation: Your system is resistant to poisons.
                  | (rPois) [Green Draconian growth]
  5414 | D:5      | Entered Level 5 of the Dungeon
  5436 | D:5      | HP: 2/60 [hornet zombie (10)]
  5440 | D:5      | Slain by a hornet zombie

Illustrated notes

Levels and vault maps discovered:
D:1:      nzn_arrival_water_spiral, layout_loops_ring,
          shapermc_ecumenical_altar_venn
D:2:      layout_loops_cross, kennysheep_small_spiral, uniq_jessica
D:3:      layout_loops_ring, uniq_natasha
D:4:      layout_basic, xom_redecorated, uniq_crazy_yiuf_cottage
D:5:      layout_layer_cave, minmay_temple_entry_junction

Skill      XL: |  1  2  3  4  5  6 |
---------------+-------------------+-----
Fighting       | 2 3 4 |  4.5
Transmutations | 3 4 |  4.4
Unarmed Combat | 4 5 |  5.0
Poison Magic   | 1 2 |  2.5
Dodging        | |  1.7
Spellcasting   | |  2.0

Action                   |  1- 3 |  4- 6 |  7- 9 || total
-------------------------+-------+-------+-------++-------
Melee: Unarmed           |   117 |   189 |    11 ||   317
       Kick              |    10 |    13 |     3 ||    26
       Headbutt          |     9 |    14 |     1 ||    24
       Tailslap          |     7 |     8 |     2 ||    17
       Punch             |       |     4 |       ||     4
       Staff             |       |       |    15 ||    15
 Cast: Beastly Appendage |    18 |    18 |     5 ||    41
       Wereblood         |       |    12 |     3 ||    15
       Spider Form       |       |     6 |     1 ||     7
  Use: Scroll            |       |     1 |       ||     1
 Stab: Sleeping          |       |     1 |       ||     1
Armor: Skin              |    42 |    33 |     7 ||    82
Dodge: Dodged            |    78 |   133 |    12 ||   223

Table legend: (Time is in decaauts)
 A = Elapsed time spent in this place.
 B = Non-inter-level travel time spent in this place.
 C = Inter-level travel time spent in this place.
 D = Time resting spent in this place.
 E = Time spent auto-exploring this place.
 F = Levels seen in this place.
 G = Mean time per level.
                   A        B        C        D        E       F      G
               +--------+--------+--------+--------+--------+-----+--------+
         Total |   5415 |   5357 |     58 |    695 |   3533 |   5 | 1083.0 |
       Dungeon |   5415 |   5357 |     58 |    695 |   3533 |   5 | 1083.0 |
               +--------+--------+--------+--------+--------+-----+--------+

Top non-repeatable levels by time:
     D:2: 1747 daAuts
     D:4: 1618 daAuts
     D:1: 1021 daAuts
     D:3: 1001 daAuts
     D:5: 26 daAuts
